 Dungeon Crawl Stone Soup version 0.21-a0-442-g848f44b (webtiles) character file.

404 tof the Twirler (level 6, -2/47 HPs)
             Began as a Demonspawn Gladiator on Nov 12, 2017.
             Slain by a bullfrog (5 damage)
             ... in a sewer.
             The game lasted 00:07:20 (3321 turns).

tof the Twirler (Demonspawn Gladiator)              Turns: 3321, Time: 00:07:21

Health: -2/47      AC:  8    Str: 14    XL:     6   Next: 56%
Magic:  6/6        EV: 11    Int:  9    God:
Gold:   90         SH:  0    Dex: 17    Spells: 5/5 levels left

rFire    . . .     SeeInvis .   a - +0 quarterstaff
rCold    . . .     Gourm    .   (shield currently unavailable)
rNeg     . . .     Faith    .   b - +0 leather armour
rPois    .         Spirit   .   c - +0 helmet
rElec    .         Reflect  .   p - +0 cloak
rCorr    .         Harm     .   (no gloves)
MR       .....                  e - +0 pair of boots
Stlth    +.........             (no amulet)
HPRegen  0.15/turn              (no ring)
MPRegen  0.10/turn              (no ring)

@: lethally poisoned (-2 -> -4), flying, constricted
A: icy blue scales 1, powered by pain 2
a: no special abilities


You were in a sewer.
You were hungry.

You visited 1 branch of the dungeon, and saw 3 of its levels.
You also visited: Sewer.

You collected 90 gold pieces.

Inventory:

Hand Weapons
 a - a +0 quarterstaff (weapon)
Missiles
 d - 3 throwing nets
 g - 5 javelins (quivered)
Armour
 b - a +0 leather armour (worn)
 c - a +0 helmet (worn)
 e - a +0 pair of boots (worn)
 p - a +0 cloak (worn)
Scrolls
 k - 3 scrolls of blinking {unknown}
 l - a scroll of remove curse {unknown}
 m - a scroll of recharging {unknown}
 n - a scroll of teleportation {unknown}
 r - a scroll of enchant weapon {unknown}
 t - a scroll of amnesia {unknown}
 u - a scroll of enchant armour {unknown}
 y - 2 scrolls of fog {unknown}
 B - a scroll of magic mapping {unknown}
Potions
 h - a potion of invisibility {unknown}
 i - a potion of flight
 j - a potion of lignification {unknown}
 o - a potion of agility {unknown}
 q - a potion of ambrosia {unknown}
 v - a potion of magic {unknown}
 w - a potion of curing {unknown}
 x - a potion of haste {unknown}
 z - a potion of brilliance {unknown}
Comestibles
 f - 2 bread rations
 s - 3 chunks of flesh
 A - a meat ration


   Skills:
 + Level 3.5 Fighting
 * Level 4.7 Staves
 - Level 1.7 Throwing
 + Level 2.5 Armour
 + Level 3.8 Dodging


You had 5 spell levels left.
You didn't know any spells.

Dungeon Overview and Level Annotations

Branches:
Dungeon (3/15)

Altars:


Innate Abilities, Weirdness & Mutations

You are partially covered in icy blue scales. (AC +2)
You sometimes gain power by taking damage.


Message History

The ball python constricts you. The ball python completely misses you.
The ball python bites you but does no damage.
The adder bites you.
* * * LOW HITPOINT WARNING * * *
The bullfrog hits you but does no damage.
The adder misses you.
The ball python bites you but does no damage.
The ball python closely misses you. The ball python constricts you.
The ball python bites you but does no damage.
The adder bites you but does no damage. The bullfrog hits you.
* * * LOW HITPOINT WARNING * * *
You closely miss the adder. The adder bites you but does no damage.
The ball python bites you but does no damage.
The bullfrog misses you. The ball python misses you.
The ball python constricts you. The ball python barely misses you.
The adder barely misses you. The adder bites you but does no damage.
It was a potion of flight.
You feel very buoyant.
You fly up into the air.
The bullfrog hits you.
You die...

####################
###..≈≈≈≈≈≈≈≈SSr≈≈≈≈.S
##....≈≈≈≈≈#≈S@S#
#.....≈≈≈≈≈≈≈FS#S≈≈≈≈≈.
#.....≈≈≈≈≈≈≈≈S≈≈≈≈≈≈≈.
##....≈≈≈≈≈≈≈≈≈≈≈≈≈≈≈≈≈.
#.....#≈≈≈≈≈≈≈≈≈≈≈≈≈≈≈..
#....###################
##...#### #...÷#..#
#....'..#


You could see a bullfrog, 2 adders, a river rat and 5 ball pythons.

Vanquished Creatures
  A bullfrog (Sewer)
  A scorpion (D:2)
  Jessica (D:3)
  3 adders
  4 gnolls (D:2)
  9 river rats (Sewer)
  3 oozes
  2 dart slugs
  6 leopard geckos
  8 ball pythons
  11 bats
  7 giant cockroaches
  7 goblins
  8 hobgoblins
  2 jackals (D:1)
  4 kobolds
  13 frilled lizards
  21 rats
111 creatures vanquished.

Notes
Turn   | Place    | Note
-------+----------+-------------------------------------------
     0 | D:1      | tof the Demonspawn Gladiator began the quest for the Orb.
     0 | D:1      | Reached XP level 1. HP: 16/16 MP: 1/1
   212 | D:1      | Gained mutation: You are partially covered in icy blue scales. (AC +2) [demonic ancestry]
   212 | D:1      | Reached XP level 2. HP: 22/22 MP: 2/2
   246 | D:1      | Reached skill level 3 in Staves
   551 | D:1      | Reached XP level 3. HP: 24/28 MP: 3/3
   682 | D:1      | Reached skill level 1 in Armour
  1332 | D:2      | Noticed a scorpion
  1342 | D:2      | Killed a scorpion
  1342 | D:2      | Reached XP level 4. HP: 27/34 MP: 4/4
  1831 | D:2      | Gained mutation: You sometimes gain a little power by taking damage. [demonic ancestry]
  1831 | D:2      | Reached XP level 5. HP: 40/40 MP: 5/5
  1836 | D:2      | Reached skill level 4 in Staves
  2068 | D:3      | Noticed Jessica
  2075 | D:3      | Killed Jessica
  2178 | D:3      | Found a glowing drain.
  2185 | Sewer    | Entered a sewer
  2525 | Sewer    | Gained mutation: You sometimes gain power by taking damage. [demonic ancestry]
  2525 | Sewer    | Reached XP level 6. HP: 26/47 MP: 6/6
  3321 | Sewer    | Slain by a bullfrog

Vault maps used:
D:1:      dpeg_arrival_yet_another_circle
D:2:      first_bread, minmay_misc_feat_columns, minmay_lizard_king
D:3:      gup_sewer_entry_pipe, uniq_jessica, uniq_sigmund
Sewer:    sewer_minmay_w

Skill      XL: |  1  2  3  4  5 |
---------------+----------------+-----
Staves         | 3 4 |  4.7
Dodging        | 3 |  3.8
Armour         | 1 2 |  2.5
Fighting       | 3 |  3.5
Throwing       | |  1.7

Action                   |  1- 3 |  4- 6 || total
-------------------------+-------+-------++-------
Melee: Quarterstaff      |   132 |   255 ||   387
  Use: Potion            |       |     1 ||     1
 Stab: Sleeping          |     1 |       ||     1
  Eat: Chunk             |     2 |     6 ||     8
Armor: Leather armour    |    56 |   162 ||   218
Dodge: Dodged            |   129 |   331 ||   460

Table legend:
 A = Spawn XP
 B = Non-spawn XP
 C = Spawn XP percentage of total XP
 D = Spawn monster count
 E = Non-spawn monster count
 F = Spawn count percentage of total count
 G = Total turns spent on level
                    A         B        C        D         E        F      G
               +---------+---------+-------+---------+---------+-------+---------
         Total |       0 |     578 |   0.0 |       0 |     111 |   0.0 |  3321
               +---------+---------+-------+---------+---------+-------+---------
           D:1 |       0 |      54 |   0.0 |       0 |      29 |   0.0 |  1037
           D:2 |       0 |     196 |   0.0 |       0 |      33 |   0.0 |  1024
           D:3 |       0 |      60 |   0.0 |       0 |      10 |   0.0 |   124
         Sewer |       0 |     268 |   0.0 |       0 |      39 |   0.0 |  1136
               +---------+---------+-------+---------+---------+-------+---------
